 Dungeon Crawl Stone Soup version 0.19.0-19-g8c6edcc (webtiles) character file.

190 sugabear the Insei (level 5, -3/37 HPs)
             Began as a Demonspawn Transmuter on Nov 13, 2016.
             Killed by nerve-wracking pain
             ... invoked by Grinder
              (10 damage)
             ... on level 3 of the Dungeon.
             The game lasted 00:05:32 (2788 turns).

sugabear the Insei (Demonspawn Transmuter)          Turns: 2788, Time: 00:05:33

Health: -3/37      AC:  2    Str: 10    XL:     5   Next: 41%
Magic:  1/9        EV: 20    Int: 15    God:
Gold:   54         SH:  0    Dex: 19    Spells: 2 memorised, 6 levels left

rFire  . . .     SeeInvis .       - Unarmed
rCold  . . .     Gourm    .     (armour currently unavailable)
rNeg   . . .     Faith    .     (shield currently unavailable)
rPois  x         Spirit   .     (helmet currently unavailable)
rElec  .         Reflect  .     (cloak currently unavailable)
rCorr  .         Harm     .     (gloves currently unavailable)
MR     .....                    (boots currently unavailable)
Stlth  +++.......               t - amulet of rage
                                (no ring)
                                (no ring)

@: spider-form (expiring), very slightly contaminated
A: nightstalker 1, rot immunity
a: End Transformation, Evoke Berserk Rage


You were on level 3 of the Dungeon.
You were hungry.
You were a venomous arachnid creature.
You visited 1 branch of the dungeon, and saw 3 of its levels.

You collected 54 gold pieces.

Inventory:

Missiles
 a - 21 arrows
Armour
 b - a +0 robe (melded)
 i - a +0 pair of boots (melded)
 p - a cursed +0 pair of gloves (melded)
Jewellery
 t - an amulet of rage (around neck)
Scrolls
 e - a scroll of fog {unknown}
 f - a scroll of magic mapping {unknown}
 g - 5 scrolls of identify {unknown}
 h - a scroll of immolation {unknown}
 l - 4 scrolls of teleportation {unknown}
 n - 2 scrolls of recharging {unknown}
 o - a scroll of blinking {unknown}
 r - a scroll of random uselessness {unknown}
Potions
 q - a potion of heal wounds {unknown}
 s - a potion of brilliance {unknown}
Books
 c - a book of Changes

   Spells                             Type                      Level
   a - Beastly Appendage              Transmutation                1
   b - Sticks to Snakes               Transmutation                2
   c - Spider Form                    Transmutation/Poison         3
   d - Ice Form                       Ice/Transmutation            4
   e - Blade Hands                    Transmutation                5
Comestibles
 d - 2 bread rations
 j - a meat ration
 k - 3 chunks of flesh
 m - 6 fruits


   Skills:
 + Level 1.3 Fighting
 + Level 2.1 Dodging
 + Level 1.3 Stealth
 + Level 3.9 Unarmed Combat
 + Level 3.1 Spellcasting
 + Level 2.4 Transmutations
 + Level 1.1 Poison Magic


You had 6 spell levels left.
You knew the following spells:

 Your Spells              Type           Power        Failure   Level  Hunger
a - Beastly Appendage     Tmut           #.....       24%         1    #......
b - Spider Form           Tmut/Pois      #.........   52%         3    ###....


Dungeon Overview and Level Annotations

Branches:
Dungeon (3/15)

Altars:
Ashenzari

Annotations:
D:3 Grinder


Innate Abilities, Weirdness & Mutations

You are slightly more attuned to the shadows.
You are immune to rotting.


Message History

You writhe in agony.
* * * LOW HITPOINT WARNING * * *
You hit Grinder.
Grinder is moderately wounded.
Grinder hits you but does no damage.
Unknown command.
You hit Grinder but do no damage.
Grinder is poisoned.
Grinder is moderately wounded.
Grinder closely misses you.
You barely miss Grinder.
Grinder is moderately wounded.
Grinder rolls her eyes.
Grinder completely misses you.
You hit Grinder but do no damage.
Grinder is moderately wounded.
Grinder blinks!
Your transformation is almost over.
Grinder gestures at you. Pain shoots through your body!
You die...

####### #.....# #######
#.....######### #.....#
#..5..##......## #.....#
###.....#........## #.....##
###...........).....#
#......###...#..)....>.......#
####.#.....###s..............#
##.##...#......##..........#
#....)..^.#######..........#
###..#####......####........##
##....# #..###.............##
##..##.# #.## ###...5........#
...###..# #.# #..#..........#
...# ##.# #. ...##..........#
<..# .# .## #..........#


You could see Grinder.

Vanquished Creatures
  A hound (D:3)
  Terence (D:2)
  A hound zombie (D:2)
  6 adders (D:2)
  2 adder zombies (D:2)
  3 adder skeletons (D:2)
  3 worms (D:2)
  A dart slug (D:1)
  2 leopard geckos
  2 giant cockroaches
  A hobgoblin (D:3)
  6 kobolds
  A quokka (D:3)
  9 bats
  3 frilled lizards
  A giant cockroach zombie (D:2)
  4 goblins
  A jackal zombie (D:2)
  A leopard gecko zombie (D:2)
  A quokka skeleton (D:2)
  4 rats (D:2)
54 creatures vanquished.

Notes
Turn   | Place    | Note
-------+----------+-------------------------------------------
     0 | D:1      | sugabear the Demonspawn Transmuter began the quest for the Orb.
     0 | D:1      | Reached XP level 1. HP: 15/15 MP: 3/3
   297 | D:1      | Gained mutation: You are slightly more attuned to the shadows. [demonic ancestry]
   297 | D:1      | Reached XP level 2. HP: 19/21 MP: 3/5
   698 | D:2      | Found a shattered altar of Ashenzari.
   757 | D:2      | Reached XP level 3. HP: 14/26 MP: 6/6
   997 | D:2      | Learned a level 3 spell: Spider Form
  1191 | D:2      | Noticed Terence
  1645 | D:2      | Killed Terence
  1645 | D:2      | Reached skill level 1 in Stealth
  1645 | D:2      | Gained mutation: You are immune to rotting. [demonic ancestry]
  1645 | D:2      | Reached XP level 4. HP: 19/32 MP: 1/7
  2110 | D:2      | HP: 2/48 [poisoned by an adder]
  2259 | D:2      | Reached XP level 5. HP: 32/37 MP: 2/9
  2727 | D:3      | Reached skill level 1 in Poison Magic
  2746 | D:3      | Noticed Grinder
  2760 | D:3      | Paralysed by Grinder for 5 turns
  2774 | D:3      | Paralysed by Grinder for 6 turns
  2788 | D:3      | Killed from afar by Grinder

Skill      XL: |  1  2  3  4  5 |
---------------+----------------+-----
Unarmed Combat | 3 |  3.9
Dodging        | 2 |  2.1
Transmutations | 2 |  2.4
Stealth        | 1 |  1.3
Spellcasting   | 3 |  3.1
Poison Magic   | 1 |  1.1
Fighting       | |  1.3

Action                   |  1- 3 |  4- 6 || total
-------------------------+-------+-------++-------
Melee: Unarmed           |    79 |   127 ||   206
       Kick              |     4 |     1 ||     5
       Headbutt          |     5 |     2 ||     7
       Punch             |     1 |     1 ||     2
 Cast: Beastly Appendage |    14 |     8 ||    22
       Spider Form       |     4 |    10 ||    14
  Use: Potion            |       |     3 ||     3
 Stab: Sleeping          |     5 |     4 ||     9
  Eat: Chunk             |     3 |     6 ||     9
Armor: Robe              |    13 |     9 ||    22
       Skin              |     1 |     7 ||     8
Dodge: Dodged            |    47 |    79 ||   126
